Map: Temple gelé

Players

Sanjuantonio

  • Race: Protoss Protoss
  • League: Platinum
  • Spawn Location: 5:00

zidar - Winner!

  • Race: Zerg Zerg
  • League: Platinum
  • Spawn Location: 11:00

VOD

Have the link to the VOD?

Description

Time

  • Played on: Oct. 7, 2016, 2:11 p.m.
  • Length: 9:45
Show
View Real Time Build Order
Export as new Build Order

Sanjuantonio Protoss 

Build Orders:  

Get SALT Encoding   

  12  0:01  Probe (Chrono Boost)  
  13  0:11  Probe (Chrono Boost)  
  14  0:21  Pylon  
  14  0:23  Probe (Chrono Boost)  
  15  0:39  Probe (Chrono Boost)  
  15  0:42  Pylon  
  16  0:51  Probe (Chrono Boost)  
  16  0:52  Gateway  
  17  1:13  Probe (Chrono Boost)  
  17  1:16  Gateway  
  18  1:19  Assimilator  
  18  1:20  Assimilator  
  18  1:24  Probe (Chrono Boost)  
  19  1:41  Cybernetics Core  
  19  1:45  Probe (Chrono Boost)  
  19  1:46  Zealot  
  22  1:53  Pylon  
  22  1:56  Probe (Chrono Boost)  
  23  2:10  Probe (Chrono Boost)  
  24  2:23  Mothership Core (Chrono Boost)  
  24  2:25  Adept  
  24  2:28  Adept  
  30  2:36  Pylon  
  30  2:37  Warp Gate (Chrono Boost)  
  30  2:57  Probe  
  31  3:02  Pylon  
  31  3:09  Probe  
  32  3:20  Nexus  
  32  3:29  Pylon  
  28  3:45  Stalker x2  
  32  3:48  Probe  
  33  4:02  Stargate  
  27  4:35  Zealot  
  27  4:36  Zealot  
  31  4:41  Probe, Pylon  
  32  4:59  Pylon  
  32  5:01  Probe, Pylon  
  24  5:16  Oracle  
  26  5:24  Adept x2  
  30  5:50  Probe  
  31  5:59  Pylon  
  26  6:22  Zealot  
  26  6:23  Zealot  
  30  6:27  Oracle (Chrono Boost)  
  33  6:47  Zealot x2  
  23  7:18  Probe  
  17  7:30  Probe  
  17  7:32  Zealot  
  17  7:33  Zealot  
  21  7:42  Probe  
  22  7:53  Zealot  
  22  7:55  Probe  
  19  8:07  Probe  
  19  8:08  Pylon  
  20  8:19  Probe  
  13  8:37  Probe  
  14  9:10  Pylon  
Show
View Real Time Build Order
Export as new Build Order

zidar Zerg - Winner!

Build Orders: Pool First 

Get SALT Encoding   

  12  0:01  Drone  
  13  0:12  Overlord  
  13  0:17  Drone  
  14  0:30  Drone x2  
  16  0:44  Spawning Pool  
  16  0:46  Drone  
  16  1:15  Drone  
  17  1:19  Extractor  
  17  1:21  Hatchery  
  15  1:31  Queen  
  17  1:35  Drone  
  17  1:39  Zergling x4  
  20  1:47  Drone  
  21  1:56  Drone  
  22  2:11  Overlord  
  22  2:21  Overlord  
  22  2:26  Metabolic Boost  
  22  2:28  Queen  
  24  2:37  Queen  
  26  2:52  Zergling x6  
  26  2:53  Zergling x2  
  30  3:03  Zergling x4  
  30  3:04  Zergling x2  
  33  3:19  Zergling x2  
  34  3:20  Zergling x6  
  37  3:32  Baneling Nest  
  34  3:48  Zergling x10  
  31  4:25  Zergling x8  
  31  4:26  Zergling x10  
  35  4:58  Zergling x12  
  35  5:15  Zergling x4  
  36  5:24  Zergling x4  
  37  5:30  Zergling x2  
  36  5:52  Roach Warren  
  33  6:04  Zergling x2  
  33  6:05  Zergling x6  
  32  6:25  Spore Crawler  
  31  6:30  Zergling x2  
  31  6:32  Zergling x16  
  39  6:43  Zergling x2  
  27  7:18  Zergling x14  
  27  7:19  Zergling x6  
  35  7:26  Zergling x4  
  35  7:32  Zergling x2  
  32  7:48  Zergling x2  
  32  7:49  Zergling x6  
  32  8:08  Zergling x2  
  32  8:09  Zergling x6  
  32  8:17  Zergling x4  
  28  8:49  Zergling x14  
Tags
 
Add a new tag
Caveats
  • Supply blocks, unpowered buildings, or Contaminate may cause inaccurate times.
  • Supply counts are checked every 10 seconds.